AoeStats
← HR Pinkman

Black Forest

507408080Analyzed
3v3 RM · 13d ago on Sep 18, 2026· 23m 52s· 6 players
Game mode
Random Map
Map size
Normal (6 player)
Population
200
Speed
Normal
Resources
Standard
Victory
Conquest
Starting age
Dark Age
Ending age
Imperial Age
RankedLock teamsTeams togetherTeam positionsShared explorationLock speedFull tech treeHidden civsTurbo modeCheats
Victory
Defeat
🇨🇱 Spanish · Chile
1839
+6
🇨🇱 Persians · Chile
1835
+6
🇨🇱 Bohemians · Chile
1713
+10
🇦🇷 Lithuanians · Argentina
1640
-9
🇦🇷 Celts · Argentina
1597
-8
🇦🇷 Armenians · Argentina
1490
-5
HR nomadplayer
8:44 Loom
12:20 Feudal Age
16:33 Castle Age
17:09 Double-Bit Axe
17:05 Horse Collar
17:13 Loom
18:04 Wheelbarrow
19:00 Bow Saw
22:12 Town Watch
HR pikoLein
0:50 Loom
20:50 Feudal Age
24:27 Castle Age
22:36 Double-Bit Axe
22:46 Horse Collar
HR Pinkman
2:21 Loom
9:50 Feudal Age
10:16 Double-Bit Axe
10:22 Horse Collar
17:25 Castle Age
18:52 Bow Saw
21:33 Fletching
BTJ | Leoqueen
1:06 Loom
20:34 Feudal Age
22:29 Double-Bit Axe
✝ CONSTANTINO XI ✝
2:33 Loom
12:33 Feudal Age
16:51 Castle Age
15:13 Double-Bit Axe
15:58 Gold Mining
BTJ | Dr Colageno
0:28 Loom
11:45 Feudal Age
11:53 Man-at-Arms
16:48 Double-Bit Axe
16:25 Long Swordsman
17:36 Arson
19:28 Fletching
Connection lost

Rejoining the realm…

Still unreachable

The connection could not be restored.

Session expired

The server has moved on; the page needs a fresh start.